 Dungeon Crawl Stone Soup version 0.26.0-16-gc1dbca0489 (webtiles) character file.

Game seed: 8385462685910849139

319 thiole the Sneak (level 6, -1/36 HPs)
             Began as an Octopode Hedge Wizard on Jan 20, 2021.
             Slain by Crazy Yiuf
             ... wielding a +3 quarterstaff of chaos
              (3 damage)
             ... on level 3 of the Dungeon.
             The game lasted 00:07:26 (4389 turns).

thiole the Sneak (Octopode Hedge Wizard)            Turns: 4389, Time: 00:07:26

Health: -1/36      AC:  1    Str: 10    XL:     6   Next: 46%
Magic:  12/12      EV: 14    Int: 18    God:
Gold:   116        SH:  0    Dex: 11    Spells: 10/13 levels left

rFire    . . .     SeeInvis .   a - +0 dagger
rCold    + . .     Faith    .   (no shield)
rNeg     . . .     Spirit   .   b - +0 hat
rPois    .         Reflect  .   (no amulet)
rElec    .         Harm     .   l - ring of protection from cold
rCorr    .         Rampage  .   (no ring)
Will     .....                  (no ring)
Stlth    ++++......             (no ring)
HPRegen  0.12/turn              (no ring)
MPRegen  0.13/turn              (no ring)
                                (no ring)
                                (no ring)

@: no status effects
A: almost no armour, stealthy swim, amphibious, 8 rings, constrict 8, camouflage
1, gelatinous body 1
a: no special abilities


You were on level 3 of the Dungeon.
You visited 1 branch of the dungeon, and saw 3 of its levels.

You collected 116 gold pieces.

Inventory:

Hand Weapons
 a - a +0 dagger (weapon)
 s - a cursed -2 mace
Armour
 b - a +0 hat (worn)
Jewellery
 l - a ring of protection from cold (left tentacle)
 r - an uncursed ring of protection from cold
Scrolls
 c - a scroll of enchant weapon {unknown}
 d - a scroll of enchant armour {unknown}
 e - 3 scrolls of identify {unknown}
 g - 3 scrolls of remove curse {unknown}
 h - 2 scrolls of fear {unknown}
 j - a scroll of teleportation {unknown}
 m - 2 scrolls of amnesia {unknown}
 o - a scroll of random uselessness {unknown}
 q - a scroll of fog {unknown}
Potions
 f - 4 potions of curing {unknown}
 i - a potion of brilliance
 k - a potion of might {unknown}
 n - a potion of resistance {unknown}
 p - a potion of ambrosia


   Skills:
 + Level 3.5 Dodging
 + Level 5.7 Stealth
 + Level 4.2 Spellcasting
 - Level 2.0 Conjurations
 - Level 2.0 Summonings
 - Level 1.0 Translocations


You had 10 spell levels left.
You knew the following spells:

 Your Spells              Type           Power        Failure   Level
a - Magic Dart            Conj           44%          6%          1
b - Call Imp              Summ           11%          10%         2

Your spell library contained the following spells:

 Spells                   Type           Power        Failure   Level
 Blink                    Tloc           N/A          14%         2
 Slow                     Hex            3%           22%         2
 Conjure Flame            Conj/Fire      7%           28%         3
 Mephitic Cloud           Conj/Pois/Air  6%           32%         3


Dungeon Overview and Level Annotations

Branches:
Dungeon (3/15)

Altars:

Annotations:
D:3 Crazy Yiuf


Innate Abilities, Weirdness & Mutations

You cannot wear most types of armour.
You are very stealthy in the water. (Stealth+)
You are amphibious.
You can wear up to eight rings at the same time.
You can use your tentacles to constrict eight enemies at once.
Your skin changes colour to match your surroundings (Stealth+).
Your rubbery body absorbs attacks. (AC +1, EV +1)


Message History

You see here a mace.
Found a mace.
Found a runed translucent door.
You open the door.
There is an open translucent door here.
Crazy Yiuf shouts!
Crazy Yiuf completely misses you.
You barely miss Crazy Yiuf. Your grab misses Crazy Yiuf.
You barely miss Crazy Yiuf. Your grab misses Crazy Yiuf.
Crazy Yiuf hits you with a +3 quarterstaff of chaos!
Crazy Yiuf freezes you.
You barely miss Crazy Yiuf. You grab Crazy Yiuf. You constrict Crazy Yiuf.
Crazy Yiuf hits you with a +3 quarterstaff of chaos!
Crazy Yiuf freezes you.
You hit Crazy Yiuf.
Crazy Yiuf is moderately wounded.
You constrict Crazy Yiuf.
Crazy Yiuf hits you with a +3 quarterstaff of chaos!
* * * LOW HITPOINT WARNING * * *
Crazy Yiuf burns you.
You die...

#.# #.#
#..###.###...#..#
#.# #.# #.##
##.........# #.#
#.#
##.###.###...####
#.# ### ####..#
##.## #.# ##.#
#.# #.# #.# #.#
#.###♣♣ #####
##.## #.#
#...#.♣♣ ♣♣#..)#
#...# #.#
#......♣♣♣♣.'.@g#
##..# #.#####
##..)P..♣..♣#...#
##.# #......
##.#).♣.♣♣♣#####
#.#########
###♣♣♣♣♣
#.##.....#
#.##.....##
#....<....#
#.#.....>..
#.#.......#
#.###...###


You could see Crazy Yiuf.

Vanquished Creatures
  Grinder (D:3)
  A worker ant (D:2)
  3 gnolls (D:3)
  8 adders
  An ooze (D:1)
  3 worms (D:2)
  A dart slug (D:1)
  A leopard gecko (D:2)
  3 orcs (D:3)
  6 giant cockroaches
  5 goblins
  11 hobgoblins
  4 kobolds
  A ball python (D:1)
  11 bats
  5 frilled lizards
  10 rats
75 creatures vanquished.

Vanquished Creatures (collateral kills)
  2 orcs (D:3)
2 creatures vanquished.

Vanquished Creatures (others)
  A fungus (D:3)
1 creature vanquished.

Grand Total: 78 creatures vanquished

Notes
Turn   | Place    | Note
-------+----------+-------------------------------------------
     0 | D:1      | thiole the Octopode Hedge Wizard began the quest for the
                  | Orb.
     0 | D:1      | Reached XP level 1. HP: 11/11 MP: 4/4
    68 | D:1      | Reached skill level 3 in Stealth
    87 | D:1      | Reached XP level 2. HP: 14/17 MP: 0/6
   303 | D:1      | Learned a level 2 spell: Call Imp
   825 | D:1      | Reached XP level 3. HP: 21/21 MP: 4/7
  1307 | D:2      | Reached skill level 4 in Stealth
  1416 | D:2      | Reached XP level 4. HP: 12/27 MP: 3/9
  2494 | D:3      | Reached XP level 5. HP: 6/31 MP: 10/10
  2835 | D:3      | Noticed Grinder
  3423 | D:2      | Reached skill level 5 in Stealth
  4256 | D:3      | Killed Grinder
  4257 | D:3      | Reached XP level 6. HP: 36/36 MP: 3/12
  4378 | D:3      | Found a runed translucent door.
  4379 | D:3      | Noticed Crazy Yiuf
  4389 | D:3      | Slain by Crazy Yiuf

Illustrated notes

Levels and vault maps discovered:
D:1:      saegor_arrival_simple_c, layout_loops_cross
D:2:      layout_rooms, minmay_box_of_dots
D:3:      layout_loops_ring, minmay_curled_crystal, kennysheep_generic_room_13,
          uniq_crazy_yiuf_cottage, uniq_grinder

Skill      XL: |  1  2  3  4  5 |
---------------+----------------+-----
Stealth        | 3 4 5 |  5.7
Conjurations   | 2 |  2.0
Summonings     | 2 |  2.0
Dodging        | 3 |  3.5
Spellcasting   | 4 |  4.2
Translocations | |  1.0

Action                   |  1- 3 |  4- 6 || total
-------------------------+-------+-------++-------
Melee: Dagger            |    48 |    88 ||   136
       Constrict         |    11 |    16 ||    27
       Tentacles         |     6 |     9 ||    15
 Cast: Magic Dart        |    61 |    94 ||   155
       Call Imp          |       |    10 ||    10
  Use: Potion            |       |     5 ||     5
 Stab: Sleeping          |     1 |     3 ||     4
       Invisible         |       |     3 ||     3
Armor: Skin              |     1 |     7 ||     8
Dodge: Dodged            |    30 |    43 ||    73
